 Dungeon Crawl Stone Soup version 0.29-a0-962-gc8bbfd0a37 (webtiles) character file.

Game seed: 169886699217626705

53 wilfster70 the Digger (level 3, -2/19 HPs)
             Began as a Gargoyle Earth Elementalist on July 30, 2022.
             Slain by an iguana (12 damage)
             ... on level 4 of the Dungeon.
             The game lasted 00:05:21 (2350 turns).

wilfster70 the Digger (Gargoyle Earth Elementalist) Turns: 2350, Time: 00:05:22

Health: -2/19      AC:  7    Str: 11    XL:     3   Next: 87%
Magic:  3/6        EV: 11    Int: 17    God:
Gold:   69         SH:  0    Dex: 10    Spells: 6/7 levels left

rFire   . . .      SeeInvis .   a - +0 sling
rCold   . . .      Faith    .   (no shield)
rNeg    + . .      Spirit   .   c - +0 robe
rPois   ∞          Reflect  .   (no helmet)
rElec   +          Harm     .   (no cloak)
rCorr   .          Rampage  .   f - +0 pair of gloves
Will    .....                   i - +0 pair of boots
Stlth   ++........              (no amulet)
HPRegen 0.06/turn               (no ring)
MPRegen 0.10/turn               (no ring)

@: no status effects
A: sickness immunity, AC +3, negative energy resistance 1, electricity
resistance, torment resistance 1, petrification resistance
a: no special abilities


You were on level 4 of the Dungeon.
You visited 1 branch of the dungeon, and saw 4 of its levels.

You collected 129 gold pieces.
You spent 60 gold pieces at shops.

Inventory:

Hand Weapons
 a - a +0 sling (weapon)
 b - a +0 dagger
Missiles
 n - 4 javelins
Armour
 c - a +0 robe (worn)
 f - a +0 pair of gloves (worn)
 i - a +0 pair of boots (worn)
Scrolls
 h - a scroll of fear
 l - a scroll of poison
 o - a scroll of magic mapping {unknown}
 p - a scroll of enchant weapon {unknown}
Potions
 d - 2 potions of magic
 e - 2 potions of mutation
 g - a potion of heal wounds {unknown}
 j - a potion of curing
 k - 2 potions of ambrosia
 m - a potion of flight {unknown}


   Skills:
 - Level 1.5 Dodging
 - Level 2.1 Stealth
 + Level 2.6 Spellcasting
 - Level 0.7 Transmutations
 * Level 5.1 Earth Magic


You had 6 spell levels left.
You knew the following spells:

 Your Spells              Type           Power      Damage    Failure   Level
a - Sandblast             Erth           38%        2d10      2%          1

Your spell library contained the following spells:

 Spells                   Type           Power      Damage    Failure   Level
 Passwall                 Tmut/Erth      10%        N/A       9%          2
 Stone Arrow              Conj/Erth      20%        3d8       19%         3
 Ensorcelled Hibernation  Hex/Ice        4%         N/A       28%         2
 Petrify                  Tmut/Erth      12%        N/A       47%         4
 Ozocubu's Armour         Ice            2%         N/A       50%         3
 Swiftness                Air            2%         N/A       50%         3
 Lee's Rapid Deconstruct  Erth           9%         3d8*      52%         5
 Leda's Liquefaction      Hex/Erth       5%         N/A       54%         4
 Metabolic Englaciation   Hex/Ice        1%         N/A       99%         5
 Simulacrum               Ice/Necr       1%         N/A       100%        6
 Statue Form              Tmut/Erth      Unusable   N/A       N/A         6

Dungeon Overview and Level Annotations

Branches:
Dungeon (4/15)
 Temple: D:4-7

Altars:

Shops:
D:2 [   D:3 *


Innate Abilities, Weirdness & Mutations

You are immune to sickness and miasma.
Your stone body is resilient. (AC +3)
You are immune to poison.
You resist negative energy. (rN+)
You are resistant to electric shocks. (rElec)
You are resistant to unholy torment.
You are immune to petrification.


Message History

Done exploring.
(D) Dungeon
Where to? (Enter - D:3, ? - help)
There is a stone staircase leading down here.
You climb downwards.
There is a stone staircase leading up here.
You open the door.
An iguana comes into view.
Found 8 gold pieces.
Found a stone staircase leading up.
There is an open door here.
You shoot a sling bullet. The sling bullet hits the iguana.
The iguana hisses angrily.
The iguana is lightly wounded.
Casting: Sandblast (safe; 2% risk of failure)
Confirm with . or Enter, or press ? or * to list all spells.
Aiming: Sandblast (safe; 2% risk of failure)
Press: ? - help, Shift-Dir - straight line, f/p - iguana
Aim: an iguana (lightly wounded, 84% to hit)
The blast of sand hits the iguana but does no damage.
The iguana is lightly wounded.
The iguana barely misses you. The iguana bites you!
Casting: Sandblast (safe; 2% risk of failure)
Confirm with . or Enter, or press ? or * to list all spells.
Aiming: Sandblast (safe; 2% risk of failure)
Press: ? - help, Shift-Dir - straight line, f/p - iguana
Aim: an iguana (lightly wounded, 84% to hit)
The blast of sand hits the iguana but does no damage.
The iguana is lightly wounded.
The iguana bites you but does no damage.
The iguana closely misses you.
Casting: Sandblast (safe; 2% risk of failure)
Confirm with . or Enter, or press ? or * to list all spells.
Aiming: Sandblast (safe; 2% risk of failure)
Press: ? - help, Shift-Dir - straight line, f/p - iguana
Aim: an iguana (lightly wounded, 84% to hit)
The blast of sand hits the iguana but does no damage.
The iguana is lightly wounded.
The iguana bites you!
Ouch! That really hurt!
You die...

..... .... #..##
##...
+....#######
#...##.....#
#..........#
#..........#
###@###..<.#
#.l# #....#
..... #....#
.....<..+....#
.........##....#
#.........######
#####....$
####.##


You could see an iguana.

Vanquished Creatures
  An adder (D:2)
  7 endoplasms
  A giant cockroach (D:2)
  5 goblins
  4 hobgoblins
  3 quokkas
  A ball python (D:2)
  5 bats
  2 frilled lizards
  7 kobolds
  4 rats
40 creatures vanquished.

Notes
Turn   | Place    | Note
-------+----------+-------------------------------------------
     0 | D:1      | wilfster70 the Gargoyle Earth Elementalist began the quest
                  | for the Orb.
     0 | D:1      | Reached XP level 1. HP: 10/10 MP: 3/3
   142 | D:1      | Reached skill level 4 in Earth Magic
   145 | D:1      | Reached XP level 2. HP: 14/15 MP: 0/5
   947 | D:2      | Reached XP level 3. HP: 19/19 MP: 4/6
  1169 | D:2      | Found Zeyd's Armour Shop.
  1394 | D:2      | Found a faded altar of an unknown god.
  1870 | D:3      | Found Ojatucs's General Store.
  1873 | D:3      | Bought a potion of curing for 36 gold pieces
  1873 | D:3      | Bought a scroll of identify for 24 gold pieces
  2009 | D:3      | Reached skill level 5 in Earth Magic
  2350 | D:4      | Slain by an iguana

Illustrated notes

Levels and vault maps discovered:
D:1:      dpeg_arrival_rooms_c, layout_basic
D:2:      layout_basic, hellmonk_ecumenical_altar_arch_garden, serial_shops,
          shop
D:3:      layout_rooms, serial_shops, nicolae_shop_behind_doors
D:4:      minmay_general_purpose_star, layout_gridville,
          grunt_temple_overflow_order_and_chaos_2, mainiacjoe_overflow_paths,
          uniq_robin

Skill      XL: |  1  2  3 |
---------------+----------+-----
Earth Magic    | 4 5 |  5.1
Dodging        | |  1.5
Stealth        | |  2.1
Spellcasting   | |  2.6
Transmutations | |  0.7

Action                   || total
-------------------------++-------
 Fire: Sling             ||    68
 Cast: Sandblast         ||    30
  Use: Scroll            ||     8
Armor: Robe              ||    21
Dodge: Dodged            ||    20

Table legend: (Time is in decaauts)
 A = Elapsed time spent in this place.
 B = Non-inter-level travel time spent in this place.
 C = Inter-level travel time spent in this place.
 D = Time resting spent in this place.
 E = Time spent auto-exploring this place.
 F = Levels seen in this place.
 G = Mean time per level.
                   A        B        C        D        E       F      G
               +--------+--------+--------+--------+--------+-----+--------+
         Total |   2403 |   2298 |    105 |    121 |   1366 |   4 |  600.8 |
       Dungeon |   2403 |   2298 |    105 |    121 |   1366 |   4 |  600.8 |
               +--------+--------+--------+--------+--------+-----+--------+

Top non-repeatable levels by time:
     D:2: 1070 daAuts
     D:1: 781 daAuts
     D:3: 536 daAuts
     D:4: 15 daAuts
